 Dungeon Crawl Stone Soup version 0.30-a0-743-gbfdf073431 (webtiles) character file.

Game seed: 11255897346155392368

253 Lavandula the Trooper (level 6, -3/73 HPs)
             Began as a Human Monk on Feb 6, 2023.
             Succumbed to a water moccasin's poison
             ... on level 5 of the Dungeon.
             The game lasted 00:04:34 (3075 turns).

Lavandula the Trooper (Human Monk)                  Turns: 3075, Time: 00:04:34

Health: -3/73      AC:  6    Str: 12 (13) XL:     6   Next: 37%
Magic:  6/6        EV: 12    Int:  8 (10) God:
Gold:   122        SH:  0    Dex: 10 (13) Spells: 5/5 levels left

rFire   . . .      SeeInvis .    s - +2 whip (venom)
rCold   + + +      Faith    .    (no shield)
rNeg    + + +      Spirit   .    y - +1 leather armour of the Trombone {rC++ rN+ Stlth-}
rPois   .          Reflect  .    w - +0 helmet of the Forgotten Olives {rElec rN+++ Dex-3 Stlth-}
rElec   +          Harm     .    (no cloak)
rCorr   .          Rampage  .    (no gloves)
Will    .....                    p - +0 pair of boots Stlth
                                 (no amulet)
HPRegen 0.32/turn                (no ring)
MPRegen 0.10/turn                (no ring)

@: berserking, lethally poisoned (-3 -> -24), attractive, very quick
A: hooves 1, cold resistance 1
a: no special abilities


You were on level 5 of the Dungeon.
You visited 1 branch of the dungeon, and saw 5 of its levels.

You collected 122 gold pieces.

Inventory:

Hand Weapons
 a - a +0 falchion
 s - a +2 whip of venom (weapon)
 z - a +4 dagger of speed
 B - a +1 flail of draining
Missiles
 d - 3 curare-tipped darts (quivered)
 x - 5 poisoned darts
Armour
 b - a +0 robe
 p - a +0 pair of boots (worn)
 w - the +0 helmet of the Forgotten Olives (worn) {rElec rN+++ Dex-3 Stlth-}
   (You took it off Robin on level 2 of the Dungeon)

   Dex:       It affects your dexterity (-3).
   rElec:     It insulates you from electricity.
   rN:        It renders you almost immune to negative energy.
   Stlth:     It makes you less stealthy.
 y - the +1 leather armour of the Trombone (worn) {rC++ rN+ Stlth-}
   (You found it on level 3 of the Dungeon)

   rC:        It greatly protects you from cold.
   rN:        It protects you from negative energy.
   Stlth:     It makes you less stealthy.
Jewellery
 h - an amulet of magic regeneration
Wands
 c - a wand of flame (8)
 C - a wand of iceblast (10)
Scrolls
 g - a scroll of enchant weapon {unknown}
 m - 3 scrolls of identify {unknown}
 o - 2 scrolls of enchant armour {unknown}
 q - 2 scrolls of silence
 r - 3 scrolls of magic mapping
 u - a scroll of fog {unknown}
 v - a scroll of vulnerability {unknown}
Potions
 i - 2 potions of attraction
 j - a potion of heal wounds {unknown}
 k - a potion of lignification {unknown}
 l - a potion of cancellation {unknown}
 n - a potion of mutation
 t - a potion of haste {unknown}
 A - a potion of flight {unknown}


   Skills:
 - Level 4.6 Fighting
 - Level 4.2 Long Blades
 + Level 3.3 Maces & Flails
 - Level 3.0 Dodging
 - Level 2.0 Stealth


You had 5 spell levels left.
You didn't know any spells.
Your spell library contained the following spells:

 Spells                   Type           Power      Damage    Failure   Level
 Necrotise                Necr           0%         1d4       50%         1
 Scorch                   Fire           0%         2d5       63%         2
 Vampiric Draining        Necr           0%         2d6       86%         3
 Flame Wave               Conj/Fire      0%         2d4       99%         4
 Agony                    Necr           0%         N/A       100%        5
 Summon Cactus Giant      Summ           0%         N/A       100%        6


Dungeon Overview and Level Annotations

Branches:
Dungeon (5/15)
 Temple: D:4-7

Altars:
Fedhas

Annotations:
D:2 1 runed translucent door, Crazy Yiuf
D:4 Sigmund


Innate Abilities, Weirdness & Mutations

You have large cloven feet.
Your flesh is cold resistant. (rC+)


Message History

The water moccasin is heavily wounded.
You feel very sick. The water moccasin misses you.
You closely miss the water moccasin.
The water moccasin is heavily wounded.
You feel very sick. The water moccasin bites you.
You hit the water moccasin.
The water moccasin is poisoned.
The water moccasin is severely wounded.
You feel very sick. The water moccasin closely misses you.
The water moccasin barely misses you.
Okay, then.
You barely miss the water moccasin.
The water moccasin is severely wounded.
You feel sick. The water moccasin bites you.
You are more poisoned.
The water moccasin poisons you!
It was a potion of attraction.
You feel attractive to monsters.
You feel very sick. The water moccasin bites you.
It was a potion of mutation.
You feel extremely strange.
You feel resistant to cold.
Your feet thicken and deform.
* * * LOW HITPOINT WARNING * * *
You feel very sick.
The water moccasin bites you but does no damage.
The water moccasin bites you.
* * * LOW HITPOINT WARNING * * *
You are more poisoned.
The water moccasin poisons you!
It was a potion of degeneration.
There was something very wrong with that liquid.
You feel weakened.
You feel dopey.
You feel clumsy.
* * * LOW HITPOINT WARNING * * *
You feel very sick. The water moccasin closely misses you.
It was a potion of berserk rage.
A red film seems to cover your vision as you go berserk!
You feel yourself moving faster!
You feel mighty!
You die...

....##..........#
.....#..........#
................# #####
................#......
#..............#......
###...................
####.<..h..#...#...
##.##S...........
#..@###......##. ###.#
#######$.. ### #.


You could see a water moccasin (poisoned) and a black bear.

Vanquished Creatures
  A jelly (D:4)
  Ijyb (D:3)
  2 orc wizards (D:4)
  Robin (D:2)
  4 adders
  An ufetubus (D:5)
  A worm (D:3)
  4 dart slugs
  5 orcs (D:4)
  5 ball pythons
  7 bats
  4 endoplasms
  3 giant cockroaches
  9 goblins
  9 hobgoblins
  4 jackals (D:1)
  5 kobolds
  5 quokkas
  6 frilled lizards
  3 rats
80 creatures vanquished.

Notes
Turn   | Place    | Note
-------+----------+-------------------------------------------
     0 | D:1      | Lavandula the Human Monk began the quest for the Orb.
     0 | D:1      | Reached XP level 1. HP: 18/18 MP: 1/1
   106 | D:1      | Reached XP level 2. HP: 15/24 MP: 2/2
   352 | D:1      | Reached XP level 3. HP: 29/29 MP: 3/3
   994 | D:2      | Found a runed translucent door.
   995 | D:2      | Noticed Crazy Yiuf
  1357 | D:2      | Identified the +0 helmet of the Forgotten Olives {rElec
                  | rN+++ Dex-3 Stlth-}
  1357 | D:2      | Noticed Robin
  1369 | D:2      | Reached XP level 4. HP: 34/35 MP: 4/4
  1373 | D:2      | Killed Robin
  1774 | D:3      | Identified the +1 leather armour of the Trombone {rC++ rN+
                  | Stlth-}
  1812 | D:3      | Noticed Ijyb
  1833 | D:3      | Killed Ijyb
  1834 | D:3      | Reached XP level 5. HP: 27/43 MP: 5/5
  2240 | D:3      | Found a blossoming altar of Fedhas.
  2486 | D:4      | Reached skill level 1 in Maces & Flails
  2703 | D:4      | Reached XP level 6. HP: 37/49 MP: 6/6
  2852 | D:4      | Noticed Sigmund
  2890 | D:5      | Entered Level 5 of the Dungeon
  3058 | D:5      | Noticed a water moccasin
  3060 | D:5      | Noticed a black bear
  3073 | D:5      | Gained mutation: Your flesh is cold resistant. (rC+)
                  | [potion of mutation]
  3073 | D:5      | Gained mutation: You have large cloven feet. [potion of
                  | mutation]
  3074 | D:5      | HP: 1/49 [poisoned by a water moccasin]
  3075 | D:5      | Succumbed to a water moccasin's poison

Illustrated notes

Levels and vault maps discovered:
D:1:      ebering_trefoil_twist, layout_loops_cross, minmay_octomino_e4
D:2:      layout_loops_ring, uniq_robin, uniq_crazy_yiuf_cottage
D:3:      layout_loops_ring, lemuel_doored_altar, uniq_ijyb
D:4:      layout_basic, chequers_serial_rivers_micro_d, dk_rats_in_the_wall,
          uniq_sigmund
D:5:      layout_rooms, nicolae_wu_jian_immortal_techniques

Skill      XL: |  1  2  3  4  5  6 |
---------------+-------------------+-----
Long Blades    | 4 |  4.2
Fighting       | 4 |  4.6
Maces & Flails | 2 3 |  3.3
Dodging        | |  3.0
Stealth        | |  2.0

Action                     |  1- 3 |  4- 6 || total
---------------------------+-------+-------++-------
  Melee: Falchion          |    65 |       ||    65
         Whip              |    20 |   149 ||   169
         Punch             |     2 |     1 ||     3
  Throw: Dart              |     2 |       ||     2
  Evoke: Wand              |       |     1 ||     1
    Use: Scroll            |       |     2 ||     2
         Potion            |       |     6 ||     6
   Stab: Sleeping          |     4 |       ||     4
 Armour: Robe              |    13 |     7 ||    20
         Leather armour    |       |    51 ||    51
  Dodge: Dodged            |    67 |    94 ||   161

Table legend: (Time is in decaauts)
 A = Elapsed time spent in this place.
 B = Non-inter-level travel time spent in this place.
 C = Inter-level travel time spent in this place.
 D = Time resting spent in this place.
 E = Time spent auto-exploring this place.
 F = Levels seen in this place.
 G = Mean time per level.
                   A        B        C        D        E       F      G
               +--------+--------+--------+--------+--------+-----+--------+
         Total |   3089 |   2997 |     92 |    298 |   2079 |   5 |  617.8 |
       Dungeon |   3089 |   2997 |     92 |    298 |   2079 |   5 |  617.8 |
               +--------+--------+--------+--------+--------+-----+--------+

Top non-repeatable levels by time:
     D:2: 887 daAuts
     D:3: 831 daAuts
     D:1: 742 daAuts
     D:4: 443 daAuts
     D:5: 184 daAuts
